 Dungeon Crawl Stone Soup version 0.17-a0-427-ga655056 (webtiles) character file.

24932 RobertPalmer the Nimble (level 13, -15/158 HPs)
             Began as an Octopode Transmuter on Apr 3, 2015.
             Demolished by Rupert
             ... wielding a +3 triple sword of protection
              (23 damage)
             ... on level 6 of the Lair of Beasts.
             The game lasted 01:00:48 (21116 turns).

RobertPalmer the Nimble (Octopode Transmuter)      Turns: 21116, Time: 01:00:48

Health: -15/158    AC: 14    Str: 14    XL:     13   Next: 16%
Magic:  9/15       EV: 26    Int: 18    God:    Xom [*.....]
Gold:   930        SH:  0    Dex: 22    Spells: 4 memorised, 4 levels left

rFire  . . .     SeeInvis +       - Unarmed
rCold  + + +     Clarity  +     (shield currently unavailable)
rNeg   . . .     SustAb   .     (helmet currently unavailable)
rPois  +         Gourm    .     W - amulet of clarity {Clar, !d}
rElec  .         Spirit   .     H - ring of protection from magic {MR+, !d}
rCorr  .         Warding  .     c - ring of see invisible {sInv, !d}
rMut   .         Stasis   .     S - ring of protection from fire {rF+, !d}
MR     ++...                    l - ring of stealth {Stlth+}
Stlth  ..........               p - ring of protection from magic {MR+, !d}
                                (no ring)
                                (no ring)
                                (no ring)

@: mighty, agile, berserking (expiring), icy armour, ice-form, drained, very
quick, very resistant to hostile enchantments, extremely unstealthy
A: almost no armour, amphibious, 8 rings, (constrict 8), (yellow scales 0),
(camouflage 0), clever 1, (fire resistance 0), (shaggy fur 0), (gelatinous body
0)
a: End Transformation, Renounce Religion


You were on level 6 of the Lair of Beasts.
You worshipped Xom.
You were a special plaything of Xom.
You were not hungry.
You were a creature of crystalline ice.
You visited 3 branches of the dungeon, and saw 18 of its levels.

You collected 930 gold pieces.

Inventory:

Hand weapons
 b - a +2 blowgun
   (You took it off a kobold on level 4 of the Dungeon)
Missiles
 v - 29 poisoned needles
 w - a throwing net {=f, !d}
 y - 6 curare-tipped needles
Rods
 O - a -1 rod of clouds (11/11) {!a}
   (You found it on level 10 of the Dungeon)
Jewellery
 c - a ring of see invisible (right front paw) {sInv, !d}
   (You found it on level 8 of the Dungeon)
 j - an uncursed ring of fire {rF+, rC-}
   (You found it on level 5 of the Dungeon)
 l - a ring of stealth (on tentacle) {Stlth+}
   (You found it on level 5 of the Lair of Beasts)
 p - a ring of protection from magic (on tentacle) {MR+, !d}
   (You found it on level 6 of the Lair of Beasts)
 C - an uncursed ring of ice {rC+, rF-}
   (You found it on level 5 of the Lair of Beasts)
 H - a ring of protection from magic (left front paw) {MR+, !d}
   (You found it on level 8 of the Dungeon)
 S - a ring of protection from fire (on tentacle) {rF+, !d}
   (You found it on level 2 of the Lair of Beasts)
 W - an amulet of clarity (around neck) {Clar, !d}
   (You found it on level 2 of the Lair of Beasts)
Magical devices
 F - a wand of digging (9)
   (You took it off a kobold on level 8 of the Dungeon)
 U - a wand of hasting (6)
   (You found it on level 2 of the Lair of Beasts)
 Y - a wand of teleportation (2)
   (You found it on level 3 of the Lair of Beasts)
Scrolls
 e - a scroll of magic mapping {!r}
 i - 3 scrolls of teleportation
 k - 3 scrolls of enchant armour
 q - 8 scrolls of remove curse
 r - a scroll of fog
 N - 3 scrolls of fear
Potions
 g - 3 potions of curing
 o - 2 potions of restore abilities
 s - 2 potions of might
 z - 4 potions of flight {unknown}
 A - 3 potions of heal wounds
 D - a potion of agility
 G - a potion of ambrosia {!q}
 I - a potion of invisibility {unknown}
 J - 3 potions of lignification {unknown}
 M - 2 potions of cancellation
 T - a potion of degeneration {unknown}
 Z - a potion of brilliance {unknown}
Books
 d - a book of Changes
 t - a book of Frost
   (You found it on level 10 of the Dungeon)
 u - a Fen Folio
   (You found it on level 7 of the Dungeon)
 X - a book of Dreams
   (You found it on level 3 of the Lair of Beasts)
Miscellaneous
 V - a legendary deck of defence
   (You found it on level 2 of the Lair of Beasts)
Comestibles
 a - 11 bread rations {@e1}
 f - 5 chunks of flesh {@w0}
 h - 14 fruits
 m - 4 meat rations {@e2}


   Skills:
 - Level 8.0(7.1) Fighting
 - Level 13.5(12.4) Dodging
 + Level 10.9(9.9) Unarmed Combat
 - Level 2.0(1.2) Spellcasting
 - Level 9.2(8.3) Transmutations
 - Level 6.3(5.4) Ice Magic


You had 4 spell levels left.
You knew the following spells:

 Your Spells              Type           Power        Failure   Level  Hunger
b - Ice Form              Ice/Trmt       ####....     14%         4    #####..
c - Spider Form           Trmt/Pois      ###.......   14%         3    ####...
s - Sticks to Snakes      Trmt           ####......   1%          2    ###....
A - Ozocubu's Armour      Chrm/Ice       ##......     21%         3    ####...


Dungeon Overview and Level Annotations

Branches:
Dungeon (11/15)            Temple (1/1) D:7            Lair (6/8) D:11
 Shoals (0/5) Lair:6       Spider (0/5) Lair:3
  Slime: Lair:6-8       Orc: D:9-12

Altars:
Ashenzari
Cheibriados
Dithmenos
Elyvilon
Fedhas
Gozag
Kikubaaqudgha
Makhleb
Nemelex Xobeh
Okawaru
Qazlal
Ru
Sif Muna
Trog
Vehumet
Xom
Yredelemnul
Zin
The Shining One
Beogh

Annotations:
D:2 Sigmund
D:8 Erolcha
D:11 WhatIsLove's ghost, powerful DECj
Lair:5 exclusion: hydra
Lair:6 Rupert


Innate Abilities, Weirdness & Mutations

You cannot wear most types of armour.
You are amphibious.
You can wear up to eight rings at the same time.
((You can use your tentacles to constrict eight enemies at once.))
((Your skin changes colour to match your surroundings (Stealth).))
((Your rubbery body absorbs attacks (AC +1).))
((You are partially covered in yellow scales (AC +2).))
Your mind is acute. (Int +2)
((Your flesh is heat resistant.))
((You are covered in fur (AC +1).))


Message History

Forget which spell ([?*] list [ESC] exit)?
As you read the scroll of amnesia, it crumbles to dust.
Your memory of Beastly Appendage unravels.
The quasit completely misses you. x2
The quasit misses you.
The crimson imp sputters.
A film of ice covers your body!
Rupert shouts!
The iron imp misses you. The quasit closely misses you. The quasit misses you.
The quasit completely misses you. The shadow imp gestures at you.
You resist with almost no effort.
You now have 11/15 mp.
You turn into a creature of crystalline ice.
Your new body merges with your icy armour.
The quasit completely misses you. x3
The iron imp hits you but does no damage.
The shadow imp completely misses you.
You now have 75/105 hp.
You punch the chaos spawn! You freeze the chaos spawn!
The quasit completely misses you. The quasit misses you. The quasit misses you.
The crimson imp blinks!
The iron imp closely misses you.
You pummel the chaos spawn!! You freeze the chaos spawn.
You kill the chaos spawn!
The chaos spawn degenerates into a cloud of primal chaos!
The quasit completely misses you. The quasit closely misses you.
The quasit claws you but does no damage.
The shadow imp completely misses you.
You punch the quasit! You freeze the quasit. The quasit misses you.
The quasit barely misses you. The quasit completely misses you.
The shadow imp misses you. The iron imp hits you.
The shadow imp is engulfed in seething chaos.
The shadow imp hits you.
You take 4 damage, and have 72/105 hp.
You pummel the quasit!! You freeze the quasit.
You kill the quasit!
The shadow imp hits you but does no damage.
The shadow imp is engulfed in seething chaos.
The shadow imp closely misses you. The iron imp misses you.
Drink which item? (? for menu, Esc to quit)
You feel much better. The shadow imp misses you.
The crimson imp completely misses you. The shadow imp closely misses you.
You regained 25 hp, and now have 97/105 hp.
You punch Rupert! You freeze Rupert. The iron imp closely misses you.
Rupert roars madly and goes into a rage!
Rupert goes berserk!
Xom thinks this is hilarious!
The shadow imp shouts, "Slither home, thou quaking elf-skinned strumpet!"
The shadow imp closely misses you.
You punch Rupert! You freeze Rupert. The crimson imp misses you.
The shadow imp completely misses you. Rupert completely misses you.
The iron imp barely misses you.
You punch Rupert! You freeze Rupert. The shadow imp completely misses you.
The shadow imp misses you. The crimson imp misses you.
Rupert completely misses you.
You hit Rupert. You freeze Rupert. The shadow imp completely misses you.
The iron imp hits you but does no damage.
The shadow imp completely misses you. The crimson imp misses you.
Rupert hits you with a triple sword of protection!!
You take 26 damage, and have 72/105 hp.
MASSIVE DAMAGE!!
Drink which item? (? for menu, Esc to quit)
Really quaff
n - a potion of berserk rage {!q}?
A red film seems to cover your vision as you go berserk!
You feel yourself moving faster!
You feel mighty!
The shadow imp hits you but does no damage.
The shadow imp misses you. The crimson imp completely misses you.
Rupert hits you with a triple sword of protection!!!
The iron imp completely misses you.
You now have 73/158 hp.
You pummel Rupert!! You freeze Rupert! The shadow imp misses you.
You hit Rupert. You freeze Rupert. Rupert closely misses you.
The crimson imp completely misses you. The shadow imp misses you.
The iron imp completely misses you.
You pummel Rupert!! You freeze Rupert. The shadow imp barely misses you.
Rupert hits you with a triple sword of protection!
The shadow imp misses you. The crimson imp completely misses you.
You take 16 damage, and have 57/158 hp.
You punch Rupert! You freeze Rupert. The iron imp completely misses you.
You hit Rupert. You freeze Rupert. The shadow imp misses you.
The shadow imp closely misses you. The crimson imp hits you.
Rupert barely misses you.
You take 2 damage, and have 55/158 hp.
You barely miss Rupert. The iron imp barely misses you.
You hit Rupert. You freeze Rupert.
Rupert hits you with a triple sword of protection!!!
* * * LOW HITPOINT WARNING * * *
The shadow imp misses you. The shadow imp completely misses you.
The crimson imp completely misses you.
You take 48 damage, and have 7/158 hp.
MASSIVE DAMAGE!!
You pummel Rupert!! You freeze Rupert! The shadow imp misses you.
You hit Rupert. You freeze Rupert. Rupert closely misses you.
The crimson imp misses you. The shadow imp completely misses you.
The iron imp barely misses you.
You hit Rupert. You freeze Rupert. The shadow imp misses you.
You closely miss Rupert.
Rupert hits you with a triple sword of protection!!
You die...
Xom laughs nastily!

...### ###...## ...#
###P##.#.## ...
..##..#.P.....≈.# P...
P...............##.P..
#.......##.......≈....
...P##.####........##..#
..)## #####...PP...#.)P
...## #..#P..PPP5......#
....# ##..≈....PY5......#
#...###..#.....5@5..P....
...###.#.............#..
...................##....
..................## ..
PPP#...........#..#
....#.........#####
..#...#...#..##
..............#


You could see Rupert (berserk), an iron imp, a crimson imp and 2 shadow imps.

Vanquished Creatures
  Erica (D:9)
  2 death yaks
  Sonja (Lair:1)
  2 griffons
  A cyclops (D:11)
  A centaur zombie (D:11)
  6 fire drakes
  6 komodo dragons
  10 spiny frogs
  A jumping spider (Lair:3)
  Prince Ribbit (D:8)
  7 blink frogs
  2 redbacks (Lair:3)
  A wyvern (Lair:6)
  4 basilisks
  6 yaks
  3 hippogriffs
  A chaos spawn (Lair:6)
  A golden eye (shapeshifter) (D:10)
  A hungry ghost (D:8)
  A mottled dragon (D:10)
  12 water moccasins
  11 wolves
  7 porcupines
  6 orc warriors
  A spider (Lair:3)
  3 nagas (Lair:3)
  3 sky beasts
  2 ice beasts (D:6)
  A black bear (D:8)
  An eye of draining (D:11)
  A necrophage (D:9)
  An ogre (D:9)
  4 centaurs
  5 crocodiles
  2 big kobolds
  9 giant frogs
  A wyvern zombie (D:11)
  A scorpion (D:5)
  3 killer bees (D:8)
  18 wights
  An electric eel (Lair:4)
  3 goliath beetles
  8 crimson imps
  3 orc priests
  10 hounds
  5 quasits
  2 iron imps (Lair:2)
  4 jellies
  4 centaur skeletons
  2 giant frog skeletons
  Jessica (D:2)
  5 orc wizards
  Terence (D:2)
  9 iguanas
  7 hell rats (Lair:4)
  8 worker ants
  2 hound zombies
  17 adders
  3 gnolls (D:8)
  4 shadow imps
  28 river rats
  5 giant mites
  2 ufetubi (Lair:2)
  A worm (D:2)
  4 adder skeletons
  9 giant geckos
  An ooze (D:1)
  52 orcs
  A ball python (D:5)
  A bat skeleton (D:7)
  A bat zombie (D:5)
  7 giant cockroaches
  8 goblins
  17 hobgoblins
  7 jackals
  26 kobolds
  11 bats
  A giant gecko skeleton (D:4)
  A giant gecko zombie (D:5)
  3 giant newts
  2 giant spores
  A hobgoblin skeleton (D:7)
  A jackal skeleton (D:9)
  11 quokkas
  17 rats
  10 ballistomycetes
  A fungus (Lair:6)
479 creatures vanquished.

Vanquished Creatures (collateral kills)
  A death yak (Lair:4)
  A komodo dragon (Lair:1)
  A basilisk (Lair:4)
  A hippogriff (Lair:1)
  2 ogres (D:7)
  An ice beast (D:5)
  2 crocodiles (Lair:1)
  2 orc wizards (D:7)
  2 river rats (Lair:4)
  A kobold (D:7)
14 creatures vanquished.

Vanquished Creatures (others)
  A yak (D:10)
  5 quasits (Lair:4)
  4 crimson imps (Lair:4)
  6 iron imps (Lair:4)
  7 white imps (Lair:4)
  10 shadow imps (Lair:4)
  15 ufetubi
  A giant spore (D:7)
  7 butterflies (Lair:4)
  5 fungi
  5 plants
66 creatures vanquished.

Grand Total: 559 creatures vanquished

Notes
Turn   | Place    | Note
--------------------------------------------------------------
     0 | D:1      | RobertPalmer, the Octopode Transmuter, began the quest for the Orb.
     0 | D:1      | Reached XP level 1. HP: 13/13 MP: 3/3
   266 | D:1      | Reached XP level 2. HP: 18/18 MP: 2/4
   289 | D:1      | Reached skill level 3 in Transmutations
   314 | D:1      | Learned a level 2 spell: Sticks to Snakes
   472 | D:1      | Reached XP level 3. HP: 16/23 MP: 5/5
  1090 | D:2      | Noticed Sigmund
  1108 | D:1      | Learned a level 3 spell: Spider Form
  1481 | D:2      | Reached skill level 4 in Transmutations
  1571 | D:2      | Reached XP level 4. HP: 26/28 MP: 6/6
  1586 | D:2      | Noticed Terence
  1637 | D:2      | Noticed Jessica
  1705 | D:2      | Killed Terence
  1790 | D:2      | Killed Jessica
  1919 | D:3      | Reached skill level 5 in Transmutations
  1924 | D:2      | Reached XP level 5. HP: 22/33 MP: 3/7
  2044 | D:3      | Found a radiant altar of Vehumet.
  2580 | D:3      | HP: 5/33 [hound (6)]
  2922 | D:4      | Reached skill level 6 in Transmutations
  2963 | D:4      | Reached XP level 6. HP: 32/38 MP: 8/8
  3707 | D:5      | Entered Level 5 of the Dungeon
  3744 | D:5      | Reached skill level 7 in Transmutations
  3887 | D:5      | Reached XP level 7. HP: 43/43 MP: 9/9
  4341 | D:5      | Reached skill level 8 in Transmutations
  4353 | D:5      | Learned a level 4 spell: Ice Form
  4469 | D:5      | Reached skill level 1 in Ice Magic
  4544 | D:5      | Reached skill level 2 in Ice Magic
  5404 | D:6      | Reached XP level 8. HP: 17/48 MP: 4/10
  6173 | D:6      | Reached skill level 9 in Transmutations
  6424 | D:6      | Reached skill level 4 in Unarmed Combat
  6730 | D:6      | Reached skill level 5 in Unarmed Combat
  7158 | D:7      | Reached skill level 6 in Unarmed Combat
  7197 | D:7      | Found a white marble altar of Elyvilon.
  7257 | D:7      | Reached XP level 9. HP: 53/53 MP: 4/11
  7279 | D:7      | Found a sparkling altar of Nemelex Xobeh.
  7424 | D:7      | Reached skill level 7 in Unarmed Combat
  8421 | D:7      | Found a staircase to the Ecumenical Temple.
  8478 | Temple   | Entered the Ecumenical Temple
  8504 | Temple   | Became a worshipper of Xom of Chaos
  8938 | D:8      | XOM: harmless Air miscast
  8989 | D:8      | Reached skill level 8 in Unarmed Combat
  9070 | D:8      | Noticed Erolcha
  9309 | D:8      | XOM: potion effect (curing)
  9342 | D:8      | Noticed Prince Ribbit
  9342 | D:8      | XOM: smoke on damage
  9573 | D:8      | XOM: harmless Tloc miscast
  9599 | D:8      | XOM: silly message
  9620 | D:8      | Killed Prince Ribbit
  9620 | D:8      | Reached skill level 9 in Unarmed Combat
  9706 | D:8      | Noticed an angel
  9707 | D:8      | Found a glowing silver altar of Zin.
  9717 | D:8      | Found a snail-covered altar of Cheibriados.
  9724 | D:8      | Found a bloodstained altar of Trog.
 10090 | D:8      | XOM: harmless Summ miscast
 10267 | D:8      | Reached skill level 10 in Unarmed Combat
 10399 | D:8      | XOM: divination: detect creatures
 10863 | D:9      | Reached skill level 3 in Dodging
 10875 | D:9      | Reached XP level 10. HP: 58/58 MP: 6/12
 10952 | D:9      | XOM: enchant monster (good)
 10973 | D:9      | Reached skill level 4 in Dodging
 11038 | D:9      | XOM: cast spell 'Dragon Form'
 11252 | D:9      | XOM: divination: detect items
 11262 | D:9      | Found a deep blue altar of Sif Muna.
 11363 | D:9      | Noticed Erica
 11407 | D:9      | XOM: mild Chrm miscast
 11414 | D:9      | XOM: enchant monster (bad)
 11425 | D:9      | Killed Erica
 11425 | D:9      | Reached skill level 6 in Dodging
 11600 | D:10     | Entered Level 10 of the Dungeon
 11618 | D:10     | XOM: cast spell 'Metabolic Englaciation'
 11803 | D:10     | Reached skill level 7 in Dodging
 11815 | D:10     | Learned a level 2 spell: Corpse Rot
 11839 | D:10     | XOM: harmless Summ miscast
 11937 | D:10     | XOM is BORED!
 11937 | D:10     | XOM: mild Necr miscast
 11941 | D:10     | Found a roughly hewn altar of Beogh.
 12089 | D:10     | XOM: mild Air miscast
 12090 | D:10     | XOM: harmless Chrm miscast
 12104 | D:10     | XOM: divination: magic mapping
 12109 | D:10     | XOM: harmless Tloc miscast
 12109 | D:10     | Reached skill level 8 in Dodging
 12222 | D:10     | XOM: silly message
 12258 | D:10     | Reached skill level 9 in Dodging
 12300 | D:10     | Identified a -1 rod of clouds (11/11) (You found it on level 10 of the Dungeon)
 12428 | D:10     | XOM: divination: detect creatures
 12579 | D:10     | Reached XP level 11. HP: 56/63 MP: 8/13
 12705 | D:10     | XOM: harmless Tloc miscast
 12788 | D:10     | XOM: colour smoke trail
 12926 | D:11     | Reached skill level 10 in Dodging
 13002 | D:11     | XOM: mild Divn miscast
 13040 | D:11     | Noticed WhatIsLove's ghost (powerful DECj)
 13366 | D:11     | XOM: potion effect (curing)
 13424 | D:11     | Found a staircase to the Lair.
 13429 | Lair:1   | Entered Level 1 of the Lair of Beasts
 13476 | Lair:1   | Noticed Sonja
 13480 | Lair:1   | Killed Sonja
 13480 | Lair:1   | Reached skill level 11 in Dodging
 13491 | Lair:1   | HP: 15/63 [hippogriff (4)]
 13498 | Lair:1   | HP: 15/63 [poisoned by Sonja]
 13507 | Lair:1   | HP: 14/63 [poisoned by Sonja]
 13928 | Lair:1   | XOM: confusion
 13978 | Lair:1   | XOM: silly message
 14090 | Lair:1   | XOM: silly message
 14274 | Lair:1   | XOM: divination: detect creatures
 14366 | Lair:1   | XOM is BORED!
 14366 | Lair:1   | XOM: harmless Chrm miscast
 14382 | Lair:1   | XOM: harmless Necr miscast
 14397 | Lair:1   | XOM: silly message
 14424 | Lair:1   | XOM: mild Ice miscast
 14546 | Lair:1   | XOM: potion effect (might)
 14547 | Lair:1   | XOM: cast spell 'Confusing Touch'
 14573 | Lair:1   | XOM: summons friendly ufetubus
 14640 | Lair:1   | Found a glowing silver altar of Zin.
 14648 | Lair:1   | XOM: potion effect (heal wounds)
 14842 | Lair:1   | XOM: cast spell 'Olgreb's Toxic Radiance'
 14895 | Lair:1   | XOM: destruction
 14910 | Lair:1   | XOM: 5-stop teleportation journey
 15079 | Lair:1   | Reached skill level 12 in Dodging
 15170 | Lair:1   | XOM: destruction
 15312 | Lair:1   | XOM: harmless Chrm miscast
 15453 | Lair:2   | XOM: give mutations
 15453 | Lair:2   | Gained mutation: You are partially covered in yellow scales (AC +2). [Xom's grace]
 15453 | Lair:2   | Gained mutation: Your mind is acute. (Int +2) [Xom's grace]
 15453 | Lair:2   | Gained mutation: Your flesh is heat resistant. [Xom's grace]
 15453 | Lair:2   | Gained mutation: You are covered in fur (AC +1). [Xom's grace]
 15466 | Lair:2   | XOM: colour smoke trail
 15573 | Lair:2   | XOM: summons 5 hostile demons
 15633 | Lair:2   | XOM: blink monster(s)
 15754 | Lair:2   | XOM: summons 5 hostile demons
 15896 | Lair:2   | XOM: repel stairs
 16066 | Lair:2   | Reached skill level 13 in Dodging
 16083 | Lair:2   | Reached XP level 12. HP: 28/68 MP: 4/14
 16262 | Lair:2   | XOM: 4-stop teleportation journey
 16321 | Lair:2   | XOM: give mutations
 16321 | Lair:2   | Gained mutation: You are clumsy. (Dex -2) [Xom's mischief]
 16651 | Lair:2   | XOM: give mutations
 16651 | Lair:2   | Lost mutation: You are clumsy. (Dex -2) [Xom's mischief]
 16681 | Lair:2   | XOM: noise
 16693 | Lair:2   | XOM: colour smoke trail
 16749 | Lair:3   | Reached skill level 2 in Fighting
 16770 | Lair:3   | Found a staircase to the Snake Pit.
 16785 | Lair:3   | XOM: noise
 16818 | Lair:3   | Reached skill level 3 in Fighting
 16953 | Lair:3   | XOM: 2-stop teleportation journey
 16956 | Lair:3   | XOM: chaos cloud
 17021 | Lair:3   | Found a hole to the Spider Nest.
 17043 | Lair:3   | HP: 22/88 [poisoned by a redback]
 17049 | Lair:3   | HP: 19/88 [poisoned by a redback]
 17056 | Lair:3   | HP: 18/88 [poisoned by a redback]
 17063 | Lair:3   | HP: 18/88 [poisoned by a redback]
 17071 | Lair:3   | HP: 14/74 [poisoned by a redback]
 17445 | Lair:3   | Reached skill level 4 in Fighting
 17655 | Lair:3   | Learned a level 3 spell: Ozocubu's Armour
 17656 | Lair:3   | XOM: 2-stop teleportation journey
 17780 | Lair:3   | XOM: enchant monster (bad)
 17785 | Lair:3   | Reached skill level 5 in Fighting
 17881 | Lair:3   | XOM: god gift: 18 stones
 17970 | Lair:3   | XOM: confusion
 17998 | Lair:3   | XOM: smoke on damage
 18003 | Lair:3   | Reached skill level 6 in Fighting
 18048 | Lair:3   | XOM: vitrification
 18088 | Lair:3   | XOM: noise
 18397 | Lair:4   | XOM: summons friendly iron imp
 18430 | Lair:4   | Reached skill level 7 in Fighting
 18447 | Lair:4   | XOM: summons 2 friendly demons
 18469 | Lair:4   | XOM: enchant monster (good)
 18749 | Lair:4   | XOM is BORED!
 18749 | Lair:4   | XOM: torment (48/82 hp)
 18960 | Lair:4   | Noticed a death yak
 18961 | Lair:4   | Noticed a death yak
 18963 | Lair:4   | Noticed a death yak
 18966 | Lair:4   | Noticed a death yak
 18991 | Lair:4   | XOM: summons friendly shadow imp
 19142 | Lair:4   | Reached skill level 8 in Fighting
 19175 | Lair:4   | XOM: god gift: scroll of teleportation
 19212 | Lair:4   | XOM: potion effect (invisibility)
 19219 | Lair:4   | Reached skill level 3 in Ice Magic
 19269 | Lair:4   | Reached skill level 4 in Ice Magic
 19399 | Lair:4   | XOM: fake destruction
 19405 | Lair:4   | Reached skill level 5 in Ice Magic
 19498 | Lair:4   | XOM: summons 12 friendly demons
 19509 | Lair:4   | XOM: destruction
 19530 | Lair:4   | XOM: cast spell 'Metabolic Englaciation'
 19553 | Lair:4   | XOM: summons 12 friendly demons
 19562 | Lair:4   | Killed a death yak
 19573 | Lair:4   | XOM: cast spell 'Beastly Appendage'
 19576 | Lair:4   | Killed a death yak
 19576 | Lair:4   | Reached skill level 6 in Ice Magic
 19576 | Lair:4   | Reached XP level 13. HP: 82/88 MP: 2/15
 19579 | Lair:4   | Noticed a seven-headed hydra
 19586 | Lair:4   | XOM: 2-stop teleportation journey
 19655 | Lair:4   | XOM: summons 2 friendly demons
 19659 | Lair:4   | Noticed a death yak
 19664 | Lair:4   | Noticed a death yak
 19669 | Lair:4   | XOM: cast spell 'Summon Butterflies'
 19689 | Lair:4   | XOM: enchant monster (good)
 19713 | Lair:4   | a death yak changed into a catoblepas
 19713 | Lair:4   | XOM: polymorph death yak -> catoblepas
 19714 | Lair:4   | XOM: summons friendly ufetubus
 19740 | Lair:4   | XOM: fog
 19741 | Lair:4   | XOM: swap monsters
 19760 | Lair:4   | XOM: summons friendly white imp
 19761 | Lair:4   | XOM: summons 12 friendly demons
 19775 | Lair:4   | XOM: summons friendly crimson imp
 19779 | Lair:4   | XOM: summons 6 friendly demons
 19788 | Lair:4   | XOM: divination: detect items
 19802 | Lair:4   | XOM: cast spell 'Cause Fear'
 19824 | Lair:4   | XOM: destruction
 19828 | Lair:4   | XOM: 3-stop teleportation journey
 20023 | Lair:4   | XOM: mild Conj miscast
 20110 | Lair:5   | Found a basalt altar of Yredelemnul.
 20282 | Lair:5   | XOM: 3-stop teleportation journey
 20324 | Lair:5   | XOM: cast spell 'Stoneskin'
 20332 | Lair:5   | XOM: confusion (+ monsters)
 20731 | Lair:5   | XOM: draining
 20849 | Lair:6   | Found a staircase to the Shoals.
 20919 | Lair:6   | XOM: summons 4 hostile demons
 20971 | Lair:6   | XOM: blink monster(s)
 20980 | Lair:6   | XOM: blink monster(s)
 21022 | Lair:6   | XOM: mild Air miscast
 21026 | Lair:6   | XOM: harmless Divn miscast
 21074 | Lair:6   | XOM: noise
 21091 | Lair:6   | Noticed Rupert
 21092 | Lair:6   | XOM: summons 6 hostile demons
 21112 | Lair:6   | HP: 7/158 [Rupert/triple sword of protection (48)]
 21116 | Lair:6   | Demolished by Rupert

Action                   |  1- 3 |  4- 6 |  7- 9 | 10-12 | 13-15 || total
-------------------------+-------+-------+-------+-------+-------++-------
Melee: Unarmed           |    83 |   178 |   409 |   719 |   107 ||  1496
 Fire: Blowgun           |       |       |       |    13 |       ||    13
Throw: Stone             |       |    22 |    33 |    15 |     5 ||    75
       Javelin           |       |       |    36 |     4 |       ||    40
 Cast: Beastly Appendage |    14 |    14 |     8 |     4 |       ||    40
       Sticks to Snakes  |     1 |       |    16 |    32 |     6 ||    55
       Spider Form       |       |     8 |    19 |    21 |     1 ||    49
       Ice Form          |       |       |    17 |    48 |     8 ||    73
       Ozocubu's Armour  |       |       |       |    17 |    10 ||    27
 Abil: End Transformatio |       |     1 |     9 |     6 |     1 ||    17
Evoke: Wand              |       |     1 |       |     2 |       ||     3
  Use: Scroll            |     2 |     3 |    19 |    12 |     3 ||    39
       Potion            |       |       |       |     3 |     4 ||     7
 Stab: Sleeping          |     5 |       |     3 |     4 |     1 ||    13
       Confused          |       |       |       |     2 |     1 ||     3
       Distracted        |       |       |       |     1 |       ||     1
       Invisible         |       |       |       |     2 |       ||     2
  Eat: Chunk             |     1 |    10 |    28 |    42 |     4 ||    85
       Beef jerky        |       |       |     1 |     1 |     1 ||     3
       Royal jelly       |       |       |     1 |       |     1 ||     2
       Fruit             |       |       |       |     1 |       ||     1
       Meat ration       |       |       |       |     1 |       ||     1
       Pizza             |       |       |       |       |     2 ||     2

Vault maps used:
D:1:      shiori_arrival_oz, kennysheep_another_room, minmay_door_square
D:2:      uniq_sigmund, uniq_terence, uniq_jessica
D:3:      vehumet_crystals, hangedman_abyss_or_decor_lesser_grid
D:5:      first_bread, hangedman_decor_peaks_small, hex_large, hex_tiny
D:7:      lemuel_doored_altar, lemuel_crystal_altar,
          minmay_temple_entry_glassed_door
D:8:      zin_angel, amethyst_overflow_temple_binary, uniq_erolcha,
          uniq_prince_ribbit1
D:9:      overflow_temple_1_default, uniq_erica
D:10:     special_room
D:11:     lair_0_dummy
Temple:   circular_temple_12
Lair:1:   basic_altar, uniq_sonja
Lair:2:   infiniplex_staircase_pool_2
Lair:3:   guppyfry_snake_entry_garden, spider_nest_entry_funnel_web,
          beast_lair_carwin_11
Lair:4:   nicolae_quartered_pool_super, kennysheep_basilisk_garden
Lair:5:   basic_altar, serial_bayou_shore_b
Lair:6:   elwin_shoals_entry_rocks, uniq_rupert, uniq_maud

Table legend:
 A = Turns spent in this place as a percentage of turns spent in the entire game.
 B = Non-inter-level travel turns spent in this place as a percentage of non-inter-level travel turns spent in the entire game.
 C = Inter-level travel turns spent in this place as a percentage of turns spent in this place.
 D = Turns resting spent in this place as a percentage of non-inter-level travel turns spent in this place.
 E = Turns spent auto-exploring this place as a percentage of non-inter-level travel turns spent in this place.
 F = Non-inter-level travel turns spent in this place divided by the number of levels of this place that you've seen.
                   A       B       C       D       E      F
               +-------+-------+-------+-------+-------+----------------------
         Total | 100.0 | 100.0 |   0.3 |   3.4 |   4.0 | 505.6
       Dungeon |  60.4 |  60.3 |   0.4 |   3.3 |   4.5 | 498.9
        Temple |   0.3 |   0.3 |   3.6 |   0.0 |   0.0 |  27.0
          Lair |  39.3 |  39.4 |   0.1 |   3.6 |   3.1 | 597.5
               +-------+-------+-------+-------+-------+----------------------

Table legend:
 A = Kills in this place as a percentage of kills in entire the game.
 B = Kills by you in this place as a percentage of kills by you in the entire game.
 C = Kills by friends in this place as a percentage of kills by friends in the entire game.
 D = Other kills in this place as a percentage of other kills in the entire game.
 E = Experience gained in this place as a percentage of experience gained in the entire game.
 F = Experience gained in this place divided by the number of levels of this place that you have seen.
                   A       B       C       D       E      F
               +-------+-------+-------+-------+-------+----------------------
         Total | 100.0 | 100.0 | 100.0 | 100.0 | 100.0 | 1978.8
       Dungeon |  67.1 |  67.8 |  42.9 | 100.0 |  31.5 | 1018.9
          Lair |  32.9 |  32.2 |  57.1 |   0.0 |  68.5 | 4068.3
               +-------+-------+-------+-------+-------+----------------------
